 Dungeon Crawl Stone Soup version 0.30.1-4-g462c640d31 (webtiles) character file.

Game seed: 18123695898794933978

2040 hawla the Arsonist (level 9, -1/64 HPs)
             Began as a Meteoran Fire Elementalist on Sept 12, 2023.
             Was an Initiate of Vehumet.
             Slain by Maggie
             ... wielding a +0 long sword of flaming
              (9 damage)
             ... on level 8 of the Dungeon.
             The game lasted 00:10:58 (2397 turns).

hawla the Arsonist (Meteoran Fire Elementalist)     Turns: 2397, Time: 00:10:59

Health: -1/64      AC:  3    Str: 11    XL:     9   Next: 77%
Magic:  3/20       EV: 13    Int: 20    God:    Vehumet [......]
Gold:   122        SH:  0    Dex: 15    Spells: 8/22 levels left

rFire   . . .        b - +1 flail
rCold   . . .        (no shield)
rNeg    . . .        a - +1 robe
rPois   .            (no helmet)
rElec   .            (no cloak)
rCorr   .            (no gloves)
SInv    .            (no boots)
Will    +....        j - amulet of magic regeneration
Stlth   +            (no ring)
HPRegen 0.30/turn    (no ring)
MPRegen 0.57/turn

%: no passive effects
@: mesmerised, hasted, glowing, very quick
A: sense surroundings 2, otherworldly, glowing, explore regen
a: Renounce Religion


You were on level 8 of the Dungeon.
You worshipped Vehumet.
Vehumet was noncommittal.
You visited 2 branches of the dungeon, and saw 9 of its levels.

You collected 122 gold pieces.

Inventory:

Hand Weapons
 b - a +1 flail (weapon)
Armour
 a - a +1 robe (worn)
Jewellery
 j - an amulet of magic regeneration (around neck)
Wands
 c - a wand of quicksilver (7)
 l - a wand of charming (7) (quivered)
 q - a wand of flame (14)
Scrolls
 e - 2 scrolls of magic mapping
 s - 2 scrolls of amnesia
Potions
 k - a potion of brilliance
 m - a potion of might
 o - a potion of haste


   Skills:
 + Level 1.4 Fighting
 + Level 2.0 Maces & Flails
 + Level 4.3 Dodging
 - Level 1.4 Stealth
 + Level 7.2 Spellcasting
 + Level 6.3 Conjurations
 + Level 5.0 Necromancy
 + Level 8.0 Fire Magic
 + Level 3.0 Evocations


You had 8 spell levels left.
You knew the following spells:

 Your Spells              Type           Power      Damage    Failure   Level
a - Foxfire               Conj/Fire      100%       2x1d9     1%          1
b - Scorch                Fire           78%        2d8       1%          2
c - Flame Wave            Conj/Fire      36%        2d10      4%          4
d - Stone Arrow           Conj/Erth      38%        3d9       8%          3
e - Dispel Undead         Necr           27%        3d13      12%         4

Your spell library contained the following spells:

 Spells                   Type           Power      Damage    Failure   Level
 Kiss of Death            Conj/Necr      100%       2d13      1%          1
 Inner Flame              Hex/Fire       23%        N/A       5%          3
 Volatile Blastmotes      Fire/Tloc      46%        2d13      5%          3
 Confusing Touch          Hex            7%         N/A       28%         3
 Animate Armour           Summ/Erth      14%        N/A       67%         4
 Summon Lightning Spire   Summ/Air       7%         N/A       67%         4
 Storm Form               Tmut/Air       3%         N/A       100%        7
 Lehudib's Crystal Spear  Conj/Erth      9%         10d4      100%        8
 Maxwell's Capacitive Co  Air            3%         ∞         100%        8


Dungeon Overview and Level Annotations

Branches:
Dungeon (8/15) Zot: 2634   Temple (1/1) D:6 Zot: 365
   Lair: D:8-11

Altars:
Ashenzari
Cheibriados
Dithmenos
Fedhas
Gozag
Hepliaklqana
Makhleb
Nemelex Xobeh
Okawaru
Qazlal
Ru
Trog
Uskayaw
Vehumet
Wu Jian
Xom
Yredelemnul
The Shining One

Shops:
D:6 (

Annotations:
D:8 Maggie


Innate Abilities, Weirdness & Mutations

You passively map the area around you.
You are easily found by Zot.
You glow in the dark.
You regain HP and MP as you explore.


Message History

Maggie is moderately wounded.
Casting: Scorch (safe; 1% risk of failure)
Confirm with . or Enter, or press ? or * to list all spells.
Flames lash the orc.
You kill the orc!
Vehumet accepts your kill.
Maggie hits you with a +0 long sword of flaming!
* * * LOW HITPOINT WARNING * * *
Maggie burns you.
* * * LOW HITPOINT WARNING * * *
Casting: Scorch (safe; 1% risk of failure)
Confirm with . or Enter, or press ? or * to list all spells.
Casting: Flame Wave (dangerous; 4% risk of failure)
Press: ? - help, Dir - look around, f - activate A wave of flame ripples out!
The flame wave engulfs Maggie!
Maggie is burned terribly!
Maggie is heavily wounded. (Press . to intensify the flame waves.) Maggie is no longer more vulnerable to fire.
Maggie hits you with a +0 long sword of flaming.
* * * LOW HITPOINT WARNING * * *
Maggie burns you.
* * * LOW HITPOINT WARNING * * *
Casting: Flame Wave (dangerous; 4% risk of failure)
Confirm with . or Enter, or press ? or * to list all spells.
Aiming: Stone Arrow (dangerous; 8% risk of failure)
Press: ? - help, Shift-Dir - straight line, f - Maggie
Aim: Maggie, wielding a +0 long sword of flaming and wearing +0 steam dragon scales (heavily wounded, mesmerising, 68% to hit)
The stone arrow hits Maggie!!
Maggie is almost dead.
Unknown command.
Casting: Stone Arrow (dangerous; 8% risk of failure)
Confirm with . or Enter, or press ? or * to list all spells.
Aiming: Stone Arrow (dangerous; 8% risk of failure)
Press: ? - help, Shift-Dir - straight line, f/p - Maggie
Aim: Maggie, wielding a +0 long sword of flaming and wearing +0 steam dragon scales (almost dead, mesmerising, 68% to hit)
The stone arrow hits Maggie!
Maggie is almost dead.
Maggie hits you with a +0 long sword of flaming!
You die...

,* , , , , , , **
#......... .... , ,,, *
##.<......##...., * ,,
.....>.......... ,
#........#..... , +...
.......)....... ,
#...###
*#.#..o#)..)....,,,,
#...#.# #.#............
,*
...##.####.#...)@@......
, *
................).)...#.
,
...#.......†..##)##.#.#
, , *
...+......##..#.... .. ,
##.#......##..#.......#
,
......######..........#*
, ##.#### #..#..###### *
##.# #..#..# ##.#
#...,..,, , *


You could see Maggie (mesmerising) and an orc.

Vanquished Creatures
  2 water moccasins (D:8)
  An ice beast (D:5)
  3 ogres
  A sky beast (D:6)
  A black bear (D:5)
  A phantom (D:5)
  A kobold brigand (D:6)
  2 bullfrogs (D:6)
  A scorpion (D:5)
  3 gnoll boudas
  6 hounds
  7 orc priests
  4 iguanas
  4 orc wizards
  6 adders
  17 gnolls
  A dart slug (D:3)
  20 orcs
  6 endoplasms
  A giant cockroach (D:4)
  2 goblins (D:3)
  2 hobgoblins
  6 jackals (D:5)
  2 bats (D:3)
  2 frilled lizards
  5 kobolds (D:6)
107 creatures vanquished.

Vanquished Creatures (others)
  154 foxfires
154 creatures vanquished.

Grand Total: 261 creatures vanquished

Notes
Turn   | Place    | Note
-------+----------+-------------------------------------------
     0 | D:1      | hawla the Meteoran Fire Elementalist began the quest for
                  | the Orb.
     0 | D:1      | Reached XP level 1. HP: 14/14 MP: 5/5
    48 | D:2      | Found a stormy altar of Qazlal.
    65 | D:2      | Reached skill level 4 in Fire Magic
    90 | D:3      | Reached XP level 2. HP: 20/20 MP: 3/6
    93 | D:3      | Learned a level 2 spell: Scorch
   201 | D:4      | Reached XP level 3. HP: 26/26 MP: 3/8
   222 | D:4      | Noticed an ogre
   241 | D:4      | Killed an ogre
   242 | D:4      | Reached skill level 5 in Fire Magic
   242 | D:4      | Reached XP level 4. HP: 8/33 MP: 0/11
   242 | D:4      | Reached XP level 5. HP: 9/38 MP: 0/12
   247 | D:4      | Learned a level 4 spell: Flame Wave
   412 | D:4      | Reached XP level 6. HP: 42/45 MP: 10/13
   434 | D:5      | Entered Level 5 of the Dungeon
   434 | D:5      | Noticed a black bear
   437 | D:5      | Killed a black bear
   470 | D:5      | Reached skill level 5 in Conjurations
   626 | D:4      | Reached XP level 7. HP: 41/50 MP: 6/14
   840 | D:5      | Reached skill level 1 in Evocations
  1080 | D:5      | Reached XP level 8. HP: 38/57 MP: 10/16
  1081 | D:5      | Reached skill level 5 in Spellcasting
  1130 | D:5      | Reached skill level 6 in Fire Magic
  1263 | D:5      | Reached skill level 1 in Maces & Flails
  1569 | D:5      | Found a broken altar of Ashenzari.
  1721 | D:6      | Learned a level 3 spell: Stone Arrow
  1733 | D:6      | Reached skill level 1 in Fighting
  1738 | D:6      | Learned a level 4 spell: Dispel Undead
  1757 | D:6      | Found Nown's Weapon Boutique.
  1762 | D:6      | Reached skill level 1 in Necromancy
  1766 | D:6      | Gained mutation: You passively map the area around you.
                  | [Meteoran growth]
  1766 | D:6      | Reached XP level 9. HP: 64/64 MP: 8/19
  1934 | D:6      | Reached skill level 5 in Necromancy
  1985 | D:6      | Found a staircase to the Ecumenical Temple.
  1994 | Temple   | Entered the Ecumenical Temple
  2209 | Temple   | Became a worshipper of Vehumet
  2292 | D:7      | Reached skill level 7 in Fire Magic
  2346 | D:8      | Identified the +0 pair of gloves "Guaklyig" {rElec rC+
                  | Str+3}
  2383 | D:8      | Noticed Maggie
  2387 | D:8      | Reached skill level 8 in Fire Magic
  2397 | D:8      | Slain by Maggie

Illustrated notes

Levels and vault maps discovered:
D:1:      arrival_zaba_pyramid, layout_basic, basic_ecumenical_altar,
          patterned_corridor
D:2:      layout_basic, basic_altar, grunt_decor_junction, serial_bayou_pond_b
D:3:      layout_rooms, nicolae_overflow_crystal_walls
D:4:      layout_loops_ring, minmay_misc_feat_plants
D:5:      layout_loops_corners, grunt_ashenzari_visionary
          [grunt_ashenzari_visionary_shoals, grunt_ashenzari_visionary_spider]
D:6:      layout_rooms, temple_hall, serial_shops, shop
D:7:      layout_loops_ring, mainiacjoe_overflow_alcove_4,
          gammafunk_ghost_gnarly_gnolls
D:8:      layout_basic, dreamdust_deal_with_the_devil,
          nicolae_nh_ransacked_shop, uniq_maggie
Temple:   minmay_crystal_spiral_temple

Skill      XL: |  1  2  3  4  5  6  7  8  9 |
---------------+----------------------------+-----
Fire Magic     | 4 5 6 8 |  8.0
Spellcasting   | 3 4 6 7 |  7.2
Conjurations   | 2 3 5 6 |  6.3
Evocations     | 3 |  3.0
Dodging        | 3 4 |  4.3
Maces & Flails | 1 2 |  2.0
Fighting       | 1 |  1.4
Necromancy     | 2 5 |  5.0
Stealth        | |  1.4

Action                     |  1- 3 |  4- 6 |  7- 9 || total
---------------------------+-------+-------+-------++-------
  Melee: Unarmed           |     7 |     2 |     2 ||    11
         Flail             |       |       |    16 ||    16
   Cast: Foxfire           |    26 |    15 |    49 ||    90
         Scorch            |     2 |    12 |    43 ||    57
         Flame Wave        |       |       |    14 ||    14
         Stone Arrow       |       |       |     4 ||     4
    Use: Potion            |       |       |     4 ||     4
         Scroll            |       |       |    12 ||    12
 Armour: Robe              |     1 |     3 |     5 ||     9
  Dodge: Dodged            |     6 |     2 |    48 ||    56
